Map: Pillars of Gold LE

Players

Scarlett - Winner!

  • Race: Zerg Zerg
  • Spawn Location: 7:00

Future

  • Race: Terran Terran
  • Spawn Location: 1:00

Event: DreamHack SC2 Masters 2020 Summer North America

VOD

Have the link to the VOD?

Description

Time

  • Played on: July 8, 2020, 3:32 p.m.
  • Length: 6:11

All games in this series

Show
View Real Time Build Order
Export as new Build Order

Scarlett Zerg - Winner!

Build Orders: Hatch First 

Get SALT Encoding   

  12  0:01  Drone  
  13  0:12  Overlord  
  13  0:18  Drone  
  14  0:31  Drone x2  
  16  0:49  Hatchery  
  15  0:53  Drone  
  15  0:56  Drone  
  17  1:00  Drone  
  18  1:10  Extractor  
  17  1:15  Spawning Pool  
  16  1:19  Drone  
  16  1:23  Drone  
  18  1:28  Drone  
  19  1:39  Drone  
  20  1:50  Overlord  
  20  2:01  Queen  
  20  2:02  Zergling x2, Queen  
  20  2:03  Zergling x2  
  26  2:11  Metabolic Boost  
  26  2:18  Drone x2  
  28  2:23  Drone  
  28  2:24  Drone  
  30  2:30  Spore Crawler  
  30  2:43  Hatchery  
  29  2:45  Drone  
  29  2:49  Drone  
  32  2:51  Drone  
  32  2:56  Overlord  
  32  2:59  Drone  
  32  3:03  Drone  
  35  3:05  Drone  
  35  3:12  Drone  
  36  3:17  Drone x2  
  36  3:18  Drone x2  
  40  3:20  Drone  
  41  3:30  Drone  
  42  3:44  Overlord, Roach Warren  
  42  3:46  Drone x2  
  42  3:47  Drone, Extractor  
  43  3:49  Overlord  
  43  3:50  Zergling x2  
  43  3:55  Queen  
  46  4:01  Zergling x8  
  46  4:02  Overlord  
  50  4:24  Roach x3  
  50  4:27  Roach x5  
  50  4:28  Overlord  
  50  4:30  Zergling x8  
  70  4:37  Overlord  
  70  4:38  Zergling x2  
  74  4:45  Ravager x3  
  74  4:50  Zergling x6  
  73  4:55  Zergling x2  
  73  4:56  Zergling x10  
  76  5:08  Zergling x8  
  79  5:20  Zergling x2  
  79  5:21  Zergling x8  
  83  5:25  Zergling x2  
  84  5:31  Zergling x2  
  83  5:38  Ravager  
  83  5:39  Ravager x2  
  85  5:47  Overlord x2  
  84  5:51  Zergling x8  
Show
View Real Time Build Order
Export as new Build Order

Future Terran 

Build Orders: Liberator Opening, Reaper Expand 

Get SALT Encoding   

  12  0:01  SCV  
  13  0:13  SCV  
  14  0:18  Supply Depot  
  14  0:25  SCV  
  15  0:39  SCV  
  15  0:40  Barracks  
  16  0:45  Refinery  
  16  0:51  SCV  
  17  1:03  SCV  
  18  1:15  SCV  
  19  1:27  Reaper  
  19  1:28  Orbital Command  
  20  1:43  Command Center  
  20  1:53  SCV  
  21  1:56  Supply Depot  
  21  1:59  Marine  
  22  2:06  SCV  
  23  2:12  Factory  
  23  2:18  SCV  
  23  2:19  Refinery  
  23  2:22  Barracks Reactor  
  24  2:31  SCV  
  25  2:43  SCV  
  26  2:55  SCV  
  26  2:58  Starport  
  27  2:59  Orbital Command  
  27  3:06  Hellion x2  
  27  3:07  SCV  
  27  3:09  Barracks Tech Lab  
  32  3:19  SCV  
  33  3:24  SCV  
  34  3:28  Hellion x2, Supply Depot  
  34  3:31  SCV  
  39  3:36  Liberator  
  39  3:39  SCV  
  43  3:43  SCV  
  43  3:49  Hellion  
  43  3:50  Hellion, Supply Depot  
  47  3:57  Armory  
  47  4:00  SCV x2  
  49  4:10  Hellion  
  49  4:11  Hellion  
  49  4:12  SCV  
  49  4:13  SCV  
  49  4:15  Marine  
  56  4:24  SCV, Starport Reactor  
  56  4:25  SCV  
  56  4:29  Supply Depot  
  58  4:36  SCV  
  58  4:37  SCV  
  60  4:43  Hellion x2  
  62  4:48  Hellion x5  
  62  4:50  SCV x2  
  64  4:53  Command Center  
  62  5:01  Supply Depot  
  62  5:02  SCV x2  
  62  5:07  Bunker  
  62  5:08  Liberator  
  62  5:09  Liberator  
  62  5:13  Marine, Siege Tank  
  70  5:16  SCV  
  70  5:18  Supply Depot  
  70  5:20  Marine  
  70  5:26  SCV  
  70  5:28  SCV  
  66  5:31  Marine  
  58  5:38  Marine  
  58  5:41  SCV  
  57  5:44  Command Center  
  57  5:49  Marine  
  54  5:53  SCV  
Tags
 
Add a new tag
Caveats
  • Supply blocks, unpowered buildings, or Contaminate may cause inaccurate times.
  • Supply counts are checked every 10 seconds.